 Dungeon Crawl Stone Soup version 0.30.1-11-g7821555f0a (webtiles) character file.

Game seed: 11872102438067226660

834 sizableburger the Cleaver (level 8, -2/60 HPs)
             Began as a Human Fighter on Dec 10, 2023.
             Was an Initiate of Vehumet.
             Slain by a black bear (4 damage)
             ... on level 6 of the Dungeon on Dec 11, 2023.
             The game lasted 00:12:29 (5305 turns).

sizableburger the Cleaver (Human Fighter)           Turns: 5305, Time: 00:12:30

Health: -2/60      AC:  9    Str: 19    XL:     8   Next: 18%
Magic:  8/8        EV:  9    Int:  8    God:    Vehumet [......]
Gold:   244        SH:  4    Dex: 13    Spells: 7/7 levels left

rFire   . . .        a - +0 war axe
rCold   . . .        c - +0 buckler
rNeg    . . .        b - +0 scale mail
rPois   +            p - +0 helmet
rElec   .            G - +0 cloak
rCorr   .            (no gloves)
SInv    .            (no boots)
Will    +....        f - amulet of magic regeneration Stlth
                     A - ring of poison resistance
HPRegen 0.30/turn    C - ring of willpower
MPRegen 0.51/turn

%: no passive effects
@: no status effects
A: no striking features
a: Renounce Religion


You were on level 6 of the Dungeon.
You worshipped Vehumet.
Vehumet was noncommittal.
You visited 1 branch of the dungeon, and saw 6 of its levels.

You collected 244 gold pieces.

Inventory:

Hand Weapons
 a - a +0 war axe (weapon)
Armour
 b - a +0 scale mail (worn)
 c - a +0 buckler (worn)
 p - a +0 helmet (worn)
 G - a +0 cloak (worn)
Jewellery
 f - an amulet of magic regeneration (around neck)
 g - a ring of positive energy
 t - a ring of flight
 w - a ring of protection from fire
 x - a ring of ice
 A - a ring of poison resistance (left hand)
 C - a ring of willpower (right hand)
 D - an amulet of faith
Wands
 d - a wand of paralysis (1)
 z - a wand of iceblast (23)
Scrolls
 e - a scroll of summoning {unknown}
 h - 2 scrolls of vulnerability {unknown}
 k - a scroll of fear
 m - 2 scrolls of magic mapping
 n - 2 scrolls of noise
 o - 2 scrolls of teleportation {unknown}
 q - a scroll of amnesia {unknown}
 v - a scroll of identify
 y - a scroll of immolation {unknown}
 E - 2 scrolls of fog {unknown}
 F - a scroll of enchant weapon {unknown}
Potions
 i - 3 potions of flight
 j - 3 potions of curing
 l - 4 potions of mutation
 r - 2 potions of brilliance
 s - a potion of haste {unknown}
 u - a potion of experience {unknown}
 B - a potion of degeneration {unknown}


   Skills:
 - Level 4.1 Fighting
 + Level 8.4 Axes
 - Level 3.0 Armour
 - Level 3.0 Shields


You had 7 spell levels left.
You didn't know any spells.
Your spell library contained the following spells:

 Spells                   Type           Power      Damage    Failure   Level
 Magic Dart               Conj           0%         1d3       86%         1
 Sandblast                Erth           0%         2d4       86%         1
 Call Imp                 Summ           0%         N/A       94%         2
 Cigotuvi's Dreadful Rot  Necr/Pois/Air  0%         N/A       94%         2
 Passwall                 Tmut/Erth      0%         N/A       94%         2
 Sublimation of Blood     Necr           0%         N/A       94%         2
 Wereblood                Tmut           0%         N/A       94%         2
 Mephitic Cloud           Conj/Pois/Air  0%         N/A       99%         3
 Stone Arrow              Conj/Erth      0%         3d7       99%         3
 Dispel Undead            Necr           0%         3d6       100%        4
 Death Channel            Necr           0%         N/A       100%        6
 Summon Hydra             Summ           0%         N/A       100%        7


Dungeon Overview and Level Annotations

Branches:
Dungeon (6/15)
 Temple: D:4-7

Altars:
Uskayaw
Vehumet
Wu Jian

Shops:
D:5 *


Message History

You slash the black bear!
The black bear is heavily wounded.
The black bear bites you but does no damage.
The black bear claws you but does no damage.
You block the black bear's attack.
You barely miss the black bear.
The black bear is heavily wounded.
The black bear bites you but does no damage.
The black bear claws you but does no damage.
The black bear closely misses you.
You slash the black bear!
The black bear is almost dead.
The black bear goes berserk!
You barely miss the black bear.
The black bear is almost dead.
The black bear bites you but does no damage.
You block the black bear's attack.
The black bear claws you but does no damage.
The black bear bites you!
The black bear claws you but does no damage.
The black bear barely misses you.
You hit the black bear but do no damage.
The black bear is almost dead.
The black bear bites you! The black bear closely misses you.
The black bear claws you. The black bear bites you.
* * * LOW HITPOINT WARNING * * *
The black bear closely misses you.
The black bear claws you but does no damage.
Okay, then.
You barely miss the black bear.
The black bear is almost dead.
The black bear closely misses you. The black bear claws you.
* * * LOW HITPOINT WARNING * * *
The black bear closely misses you.
You hit the black bear.
The black bear is almost dead.
You block the black bear's attack. The black bear claws you.
* * * LOW HITPOINT WARNING * * *
You block the black bear's attack. The black bear bites you.
You die...

######## #......# #......#
#......# #......#
********######......####**
,,,,,,,,.......<@h......,*******
********###.##......##..,,,,,,,*
*****,,,,,,,*###..###*,,,,,,,,,*
,,,,,,,,*******#..#***,,,,,,,,,*
<****,,,****,,,..?.,,,,,,,,,,,,*
,*,,,,,,,**,,**....#*,,,,,,,,,,*
****,,,,,,,,***.....,,,,,,,,,,,*
****,,,,,,,**,..####.,**,*******
,,,,,,,,*,,*,,,,**,>,,,,,*


You could see a black bear (berserk).

Vanquished Creatures
  A water moccasin (D:5)
  A sky beast (D:5)
  A centaur (D:5)
  2 hounds
  An orc priest (D:5)
  4 iguanas
  2 sleepcaps
  Natasha (twice) (D:3)
  2 orc wizards
  Terence (D:3)
  A statue (D:4)
  4 adders
  2 white imps (D:5)
  4 dart slugs
  16 orcs
  2 bats (D:2)
  6 endoplasms
  4 giant cockroaches
  6 goblins
  11 hobgoblins
  6 jackals
  9 quokkas
  8 ball pythons
  2 frilled lizards
  8 kobolds
  5 rats
111 creatures vanquished.

Notes
Turn   | Place    | Note
-------+----------+-------------------------------------------
     0 | D:1      | sizableburger the Human Fighter began the quest for the
                  | Orb.
     0 | D:1      | Reached XP level 1. HP: 18/18 MP: 1/1
    30 | D:1      | Reached XP level 2. HP: 24/24 MP: 2/2
    36 | D:1      | Found a faded altar of an unknown god.
   303 | D:1      | Reached XP level 3. HP: 26/29 MP: 3/3
   946 | D:2      | Reached skill level 3 in Axes
  1019 | D:2      | Reached XP level 4. HP: 32/37 MP: 4/4
  1646 | D:2      | Found a hide-covered altar of Uskayaw.
  1916 | D:3      | Noticed Terence
  1936 | D:3      | Killed Terence
  1937 | D:3      | Reached skill level 4 in Axes
  1937 | D:3      | Reached XP level 5. HP: 18/42 MP: 5/5
  2269 | D:3      | Noticed Natasha
  2278 | D:3      | Killed Natasha
  2459 | D:3      | Noticed Natasha
  2468 | D:3      | Killed Natasha
  2584 | D:4      | Reached skill level 5 in Axes
  2584 | D:4      | Reached XP level 6. HP: 18/48 MP: 6/6
  2912 | D:4      | Found a radiant altar of Vehumet.
  3346 | D:5      | Entered Level 5 of the Dungeon
  3351 | D:5      | Found Ea-nāṣir's Fine Metal Goods.
  3393 | D:4      | Became a worshipper of Vehumet
  3481 | D:5      | Found an ornate altar of the Wu Jian Council.
  3682 | D:5      | Reached skill level 6 in Axes
  3910 | D:5      | Reached XP level 7. HP: 35/54 MP: 7/7
  4266 | D:5      | Reached skill level 7 in Axes
  4763 | D:5      | Reached XP level 8. HP: 23/60 MP: 8/8
  5243 | D:6      | Reached skill level 8 in Axes
  5305 | D:6      | HP: 2/60 [black bear (5)]
  5305 | D:6      | Slain by a black bear

Illustrated notes

Levels and vault maps discovered:
D:1:      mushboom_english_gardens, layout_rooms, basic_ecumenical_altar,
          serial_bayou_lagoon_b
D:2:      layout_basic, basic_altar, minmay_misc_feat_doors
D:3:      layout_basic, uniq_natasha, uniq_terence
D:4:      layout_rooms, vehumet_statue, hangedman_abyss_or_decor_stabs
D:5:      minmay_razor_zed, layout_basic, mainiacjoe_overflow_surrounded_room,
          grunt_decor_resistance, minmay_strange_pillars,
          nicolae_ea-nasir_strikes_again
D:6:      layout_rooms, xom_confusion_cloud, demons_altar,
          mainiacjoe_overflow_catwalk, portal_sewer_entry_a

Skill      XL: |  1  2  3  4  5  6  7  8 |
---------------+-------------------------+-----
Axes           | 3 4 5 6 7 8 |  8.4
Fighting       | 4 |  4.1
Armour         | |  3.0
Shields        | |  3.0

Action                     |  1- 3 |  4- 6 |  7- 9 || total
---------------------------+-------+-------+-------++-------
  Melee: War axe           |   107 |   191 |   105 ||   403
    Use: Scroll            |       |     4 |     4 ||     8
         Potion            |       |     2 |     6 ||     8
 Armour: Scale mail        |    48 |    95 |    66 ||   209
  Dodge: Dodged            |    42 |    83 |    32 ||   157
  Block: Buckler           |    17 |    39 |    19 ||    75
